 Dungeon Crawl Stone Soup version 0.16.1-51-g6203257 (webtiles) character file.

1592 Miyamura the Skirmisher (level 8, -2/52 HPs)
             Began as a Gargoyle Berserker on Aug 7, 2015.
             Was an Elder of Trog.
             Slain by a goliath beetle (19 damage)
             ... on level 6 of the Dungeon.
             The game lasted 00:15:17 (6048 turns).

Miyamura the Skirmisher (Gargoyle Berserker)        Turns: 6048, Time: 00:15:18

Health: -2/52      AC: 17    Str: 21      XL:     8   Next: 93%
Magic:  9/9        EV: 11    Int:  9      God:    Trog [****..]
Gold:   369        SH:  0    Dex:  7 (10) Spells: 0 memorised, 7 levels left

rFire  . . .     SeeInvis .     s - +1 mace (protect)
rCold  . . .     Clarity  .     g - +1 ring mail
rNeg   + . .     SustAb   .     (no shield)
rPois  ∞         Gourm    .     (no helmet)
rElec  +         Spirit   .     (no cloak)
rCorr  .         Warding  .     (no gloves)
rMut   .         Stasis   .     (no boots)
MR     .....                    (no amulet)
Stlth  ++........               (no ring)
                                i - ring of invisibility

@: not resistant to hostile enchantments, unstealthy
A: negative energy resistance 1, electricity resistance, unbreathing,
petrification resistance, rot immunity, AC +5
a: Burn Spellbooks, Berserk, Trog's Hand, Brothers in Arms, Renounce Religion,
Evoke Invisibility


You were on level 6 of the Dungeon.
You worshipped Trog.
Trog was greatly pleased with you.
You were not hungry.

You visited 1 branch of the dungeon, and saw 6 of its levels.

You collected 369 gold pieces.

Inventory:

Hand weapons
 s - a +1 mace of protection (weapon)
Armour
 g - a +1 ring mail (worn)
Jewellery
 i - a ring of invisibility (left hand)
Magical devices
 v - a wand of fire (15)
Scrolls
 a - a scroll of remove curse
 h - a scroll of magic mapping
 n - a scroll of teleportation
 r - a scroll of fear
 t - a scroll of enchant weapon
Potions
 b - 3 potions of might
 d - 2 potions of curing
 e - 2 potions of flight
 f - a potion of cancellation
 j - a potion of brilliance {unknown}
 l - a potion of agility
 m - a potion of lignification {unknown}
 o - 3 potions of haste
 q - a potion of heal wounds {unknown}
Books
 u - a book of Transfigurations

   Spells                             Type                      Level
   a - Stoneskin                      Transmutation/Earth          2
   b - Irradiate                      Conjuration/Transmutation    5
   c - Statue Form                    Transmutation/Earth          6
   d - Hydra Form                     Transmutation                6
   e - Dragon Form                    Transmutation                7
   Trog disapproves of the use of such an item.
Comestibles
 c - 4 bread rations
 k - 2 meat rations
 p - 7 fruits
 w - a slice of pizza


   Skills:
 + Level 6.3 Fighting
 + Level 5.6 Maces & Flails
 + Level 5.8 Armour
 + Level 4.2 Dodging
 - Level 5.1 Stealth
 + Level 1.3 Evocations


You had 7 spell levels left.
You didn't know any spells.

Dungeon Overview and Level Annotations

Branches:
Dungeon (6/15)
 Temple: D:4-7

Altars:
Ashenzari
Cheibriados
Dithmenos
Gozag
Kikubaaqudgha
Qazlal
Sif Muna
Xom
Yredelemnul

Shops:
D:4 (


Innate Abilities, Weirdness & Mutations

You are resistant to torment.
You are immune to poison.
Your stone body is very resilient (AC +5).
You resist negative energy.
You are resistant to electric shocks.
You can survive without breathing.
You are immune to petrification.
You are immune to rotting.


Message History

The hobgoblin barely misses you. The goliath beetle barely misses you.
You hit the goliath beetle but do no damage.
The goliath beetle is lightly wounded.
The hobgoblin barely misses you.
You hit the goliath beetle but do no damage.
The goliath beetle is lightly wounded.
The hobgoblin barely misses you. The goliath beetle bites you!
The hobgoblin hits you but does no damage.
You hit the goliath beetle.
The goliath beetle is moderately wounded.
You hit the goliath beetle.
The goliath beetle is moderately wounded.
The hobgoblin barely misses you. The goliath beetle bites you!
You barely miss the goliath beetle.
The goliath beetle is moderately wounded.
The hobgoblin barely misses you.
You hit the goliath beetle.
The goliath beetle is moderately wounded.
The hobgoblin closely misses you. The goliath beetle bites you!!
You die...

....#
#.......#.)########
....#
#.......#..###### #
....#
#..........##...###
....#
#.......#.###...'..
....# ##.......#.#
#...### ....#
#...######.# #...#
##### #...# #.#
#...# ...# #...# #.#
#...# ...# #..@#
#.###...# ...#
#..gB....+.......#
####
###.#....#.#########
#.#....#.######...
#.# ...#........##
#.#....#######..##
#...........##...#
###########.......
#....##.


You could see a goliath beetle and a hobgoblin.

Vanquished Creatures
  The ghost of poirepourri the Quickloader, an experienced FoHu (D:5)
  A human (D:2)
  An ogre (D:5)
  Sigmund (D:3)
  A scorpion (D:6)
  A crimson imp (D:5)
  A goliath beetle (D:6)
  A giant frog zombie (D:5)
  A quasit (D:5)
  2 hounds
  3 jellies
  3 orc priests
  2 orc wizards
  2 iguanas
  6 worker ants
  A hound zombie (D:6)
  A hound skeleton (D:4)
  A worker ant zombie (D:6)
  A shadow imp (D:6)
  12 adders
  A worm (D:2)
  An adder skeleton (D:5)
  4 giant geckos
  3 oozes
  18 orcs
  2 ball pythons
  12 bats
  A bat skeleton (D:4)
  A bat zombie (D:6)
  11 giant cockroaches
  12 goblins
  11 hobgoblins
  3 quokkas
  A giant gecko skeleton (D:4)
  4 giant newts
  11 jackals
  4 kobolds
  A quokka zombie (D:5)
  9 rats
  3 rat zombies (D:6)
156 creatures vanquished.

Vanquished Creatures (others)
  A goblin (D:2)
  A jackal (D:2)
2 creatures vanquished.

Grand Total: 158 creatures vanquished

Notes
Turn   | Place    | Note
--------------------------------------------------------------
     0 | D:1      | Miyamura, the Gargoyle Berserker, began the quest for the Orb.
     0 | D:1      | Reached XP level 1. HP: 14/14 MP: 1/1
    88 | D:1      | Reached XP level 2. HP: 19/19 MP: 2/2
   474 | D:1      | Reached skill level 1 in Stealth
   506 | D:1      | Found a shimmering altar of Xom.
   630 | D:1      | Reached XP level 3. HP: 23/23 MP: 3/3
  1167 | D:2      | Acquired Trog's second power
  1211 | D:2      | Found a runed door.
  1211 | D:2      | Noticed a human
  1212 | D:2      | Found a basalt altar of Yredelemnul.
  1527 | D:2      | Killed a human
  1527 | D:2      | Reached skill level 4 in Fighting
  1527 | D:2      | Reached XP level 4. HP: 11/29 MP: 4/4
  1527 | D:2      | Reached XP level 5. HP: 12/33 MP: 5/5
  1955 | D:3      | Found a stormy altar of Qazlal.
  2489 | D:3      | Noticed Sigmund
  2497 | D:3      | Killed Sigmund
  2497 | D:3      | Reached XP level 6. HP: 39/39 MP: 6/6
  3339 | D:4      | Reached XP level 7. HP: 44/44 MP: 7/7
  3518 | D:4      | Found Threkk Iczema's Antique Weapon Boutique.
  3588 | D:4      | Reached skill level 5 in Fighting
  3924 | D:5      | Entered Level 5 of the Dungeon
  4389 | D:5      | Acquired Trog's third power
  4554 | D:5      | Found a shattered altar of Ashenzari.
  4728 | D:5      | Found an opulent altar of Gozag.
  4827 | D:5      | Reached XP level 8. HP: 50/50 MP: 8/8
  4988 | D:5      | Noticed poirepourri's ghost (experienced FoHu)
  5003 | D:5      | Killed poirepourri's ghost
  5003 | D:5      | Reached skill level 6 in Fighting
  5003 | D:5      | Reached skill level 5 in Maces & Flails
  5003 | D:5      | Reached skill level 5 in Armour
  5003 | D:5      | Reached skill level 5 in Stealth
  5284 | D:6      | Found a deep blue altar of Sif Muna.
  5355 | D:6      | Found a shadowy altar of Dithmenos.
  5642 | D:6      | Reached skill level 1 in Evocations
  5706 | D:6      | Found a snail-covered altar of Cheibriados.
  5838 | D:6      | Found an ancient bone altar of Kikubaaqudgha.
  6048 | D:6      | Slain by a goliath beetle

Action                   |  1- 3 |  4- 6 |  7- 9 || total
-------------------------+-------+-------+-------++-------
Melee: Mace              |    97 |   164 |   383 ||   644
Invok: Berserk           |     2 |     1 |     8 ||    11
  Use: Scroll            |     9 |     5 |     8 ||    22
 Stab: Sleeping          |       |     1 |     6 ||     7
  Eat: Chunk             |     2 |     4 |    17 ||    23
       Meat ration       |       |     1 |       ||     1
